 Dungeon Crawl Stone Soup version 0.29.0-4-gdea44cf6ec (webtiles) character file.

Game seed: 4114357772103427180

11 sanka the Insei (level 2, 17/17 HPs)
             Began as a Tengu Warper on Aug 27, 2022.
             Was a Follower of Nemelex Xobeh.
             Quit the game on level 1 of the Dungeon.
             The game lasted 00:00:34 (469 turns).

sanka the Insei (Tengu Warper)                       Turns: 469, Time: 00:00:34

Health: 17/17      AC:  3    Str: 11    XL:     2   Next: 25%
Magic:  15/15      EV: 11    Int: 13    God:    Nemelex Xobeh [*.....]
Gold:   19         SH:  0    Dex: 13    Spells: 5/5 levels left

rFire   . . .      SeeInvis .     - Unarmed
rCold   . . .      Faith    .   (no shield)
rNeg    . . .      Spirit   .   a - +0 leather armour
rPois   .          Reflect  .   (helmet restricted)
rElec   .          Harm     .   (no cloak)
rCorr   .          Rampage  .   (no gloves)
Will    .....                   (boots unavailable)
Stlth   +.........              (no amulet)
HPRegen 0.05/turn               (no ring)
MPRegen 0.14/turn               d - ring of magical power

@: no status effects
A: beak, talons 3
a: Renounce Religion, Draw Escape, Draw Destruction, Draw Summoning


You were on level 1 of the Dungeon.
You worshipped Nemelex Xobeh.
Nemelex Xobeh was aware of your devotion.
You visited 1 branch of the dungeon, and saw 1 of its levels.

You collected 19 gold pieces.


Innate Abilities, Weirdness & Mutations

You have a beak for a mouth.
You have claws for feet.


   Skills:
 - Level 2.0 Fighting
 - Level 1.0 Throwing
 - Level 1.1 Armour
 - Level 2.1 Dodging
 + Level 3.2 Unarmed Combat
 - Level 2.0 Spellcasting
 - Level 2.4 Translocations


You had 5 spell levels left.
You didn't know any spells.
Your spell library contained the following spells:

 Spells                   Type           Power      Damage    Failure   Level
 Blink                    Tloc           14%        N/A       19%         2
 Gell's Gravitas          Tloc           7%         N/A       36%         3
 Lesser Beckoning         Tloc           7%         N/A       36%         3
 Teleport Other           Tloc           7%         N/A       36%         3
 Manifold Assault         Tloc           7%         N/A       98%         5

Inventory:

Missiles
 c - 7 boomerangs of dispersal (quivered) {=f}
Armour
 a - a +0 leather armour (worn)
Jewellery
 d - a ring of magical power (right hand)
Scrolls
 b - a scroll of blinking
Potions
 e - a potion of curing {unknown}
 f - a potion of invisibility {unknown}

Dungeon Overview and Level Annotations

Branches:
Dungeon (1/15)

Altars:
Nemelex Xobeh

.⌠▒..▒ ▒....▒ ▒.........[▒
..▒▒.▒▒▒....▒▒▒..........▒
<.▒▒...▒.....▒▒..........▒
..▒.▒▒.........▒▒▒▒.▒▒▒▒▒▒
.⌠▒...>.....▒▒.▒ ▒▒.▒
▒▒▒▒▒.......▒▒..▒▒..▒
▒▒..........▒▒▒.▒..▒▒
▒▒.▒.....▒▒▒▒ ▒..)▒▒
...▒.▒▒..▒ ▒.Q.▒ .....▒
..... ▒.b.▒ ▒▒▒▒▒▒ ▒.▒▒.▒
▒.▒.▒ ▒ .. . ..▒.. ▒ ▒.▒
▒...▒▒▒ ▒ .▒ ▒.▒. ▒ ▒. ▒ ▒
▒. ▒


You could see a bat.


Message History

a +0 short sword; a frilled lizard corpse
Things that are here:
a +0 short sword; 2 stones A kobold comes into view.
It is wielding a +0 dagger.
Found a faded altar of an unknown god.
A kobold is nearby!
A kobold is nearby!
The kobold misses you.
You hit the kobold but do no damage. You claw the kobold.
The kobold is severely wounded.
The kobold closely misses you.
You hit the kobold.
You kill the kobold!
No target in view!
No target in view!
Things that are here:
a +0 dagger; a kobold corpse A bat comes into view.
There is a faded altar of an unknown god here.
You cannot tell which god this altar belongs to.
Convert to them anyway?
Nemelex Xobeh accepts your prayer! Nemelex Xobeh welcomes you!
You can now draw from decks of power.
Nemelex will now gift you decks of power as you gain piety.
Unknown command.
Press < or > to pray at altars.
Unknown command.
Press < or > to pray at altars.
Are you sure you want to abandon this character and quit the game? (Confirm with "yes".)

Action                   || total
-------------------------++-------
Melee: Unarmed           ||    25
       Peck              ||     7
       Kick              ||     5
       Punch             ||     1
 Stab: Sleeping          ||     1
Armor: Leather armour    ||     3
Dodge: Dodged            ||    10

Levels and vault maps discovered:
D:1:      amcnicky_arrival_gap_in_the_tavern_cellar, layout_rooms,
          basic_ecumenical_altar, hex_tiny

Notes
Turn   | Place    | Note
-------+----------+-------------------------------------------
     0 | D:1      | sanka the Tengu Warper began the quest for the Orb.
     0 | D:1      | Reached XP level 1. HP: 12/12 MP: 4/4
   308 | D:1      | Reached skill level 3 in Unarmed Combat
   308 | D:1      | Reached XP level 2. HP: 17/17 MP: 6/6
   460 | D:1      | Found a faded altar of an unknown god.
   468 | D:1      | Prayed at the altar of an unknown god.
   468 | D:1      | Became a worshipper of Nemelex Xobeh the Trickster
   468 | D:1      | Reached * piety under Nemelex Xobeh
   469 | D:1      | Quit the game

Vanquished Creatures
  2 endoplasms (D:1)
  A hobgoblin (D:1)
  3 kobolds (D:1)
  A ball python (D:1)
  2 frilled lizards (D:1)
  A goblin (D:1)
  A rat (D:1)
11 creatures vanquished.
